 Dungeon Crawl Stone Soup version 0.31-a0-1161-g593ecc8 (webtiles) character file.

Game seed: 15658873514787438703

11773 PidgeyThePirate the Stormcaller (level 11, 0/56 HPs)
             Began as a Tengu Air Elementalist on Dec 8, 2023.
             Was an Initiate of Ashenzari.
             Slain by a white ugly thing (7 damage)
             ... in an ice cave.
             The game lasted 00:40:21 (15722 turns).

PidgeyThePirate the Stormcaller (TeAE)             Turns: 15722, Time: 00:40:22

Health: 0/56       AC:  7    Str: 11    XL:     11   Next: 83%
Magic:  7/27       EV: 14    Int: 24    God:    Ashenzari [......]
Gold:   631        SH:  7    Dex: 11    Spells: 19/33 levels left

rFire   . . .        z - +3 spear
rCold   + + +        N - +0 kite shield of the Abyss {rPois rC+++ rCorr Dex-3}
rNeg    . . .        J - +0 steam dragon scales
rPois   +            (helmet restricted)
rElec   .            C - +0 cloak
rCorr   +            c - +0 pair of gloves
SInv    .            (boots unavailable)
Will    .....        (no amulet)
Stlth   ++           k - ring "Tethered With Me" {Int+6, Cun, Elem} (curse)
HPRegen 0.29/turn    e - ring of wizardry
MPRegen 0.20/turn

%: acrobat, wizardry (x1)
@: flying
A: beak, talons 3, evasive flight, acrobatic
a: Renounce Religion, Curse Item, Shatter the Chains


You were in an ice cave.
You worshipped Ashenzari.
Ashenzari was noncommittal.
You visited 1 branch of the dungeon, and saw 11 of its levels.
You also visited: Ice Cave.

You collected 631 gold pieces.

Inventory:

Hand Weapons
 d - a +3 quarterstaff of chaos
 z - a +3 spear (weapon)
Missiles
 M - a throwing net
Armour
 a - a +0 robe
 b - the +3 hat of Pondering {ponderous, Will+ MP+10 Int+5}
   (You found it on level 8 of the Dungeon)

   Int+5:     It affects your intelligence (+5).
   Will+:     It increases your willpower.
   MP+10:     It affects your magic capacity (+10).
 c - a +0 pair of gloves (worn)
 n - a +0 leather armour
 s - a +0 ring mail
 u - a +0 leather armour of fire resistance
 C - a +0 cloak (worn)
 F - an orb of mayhem
 J - +0 steam dragon scales (worn)
 N - the +0 kite shield of the Abyss (worn) {rPois rC+++ rCorr Dex-3}
   (You found it on level 7 of the Dungeon)

   Dex-3:     It affects your dexterity (-3).
   rC+++:     It renders you almost immune to cold.
   rPois:     It protects you from poison rCorr: It protects you from acid and
   corrosion.
Jewellery
 e - a ring of wizardry (right hand)
 k - the cursed ring "Tethered With Me" (left hand) {Int+6, Cun, Elem}
   (You found it on level 2 of the Dungeon)

   [ring of intelligence]

   Int+6:     It affects your intelligence (+6).
   It has a curse which improves the following skills: Cunning: Dodging and
   Stealth.
   Elements:  Fire Magic, Ice Magic, Air Magic and Earth Magic.
 T - a +6 ring of strength
 U - a +4 ring of protection
Wands
 o - a wand of mindburst (12)
 A - a wand of iceblast (17)
 D - a wand of polymorph (6)
 G - a wand of digging (6)
 I - a wand of flame (17)
 L - a wand of charming (5)
 V - a wand of quicksilver (4)
Scrolls
 g - 3 scrolls of noise {unknown}
 l - a scroll of teleportation
 m - 2 scrolls of blinking {unknown}
 p - a scroll of enchant weapon {unknown}
 q - 3 scrolls of poison {unknown}
 t - a scroll of enchant armour {unknown}
 v - 2 scrolls of fear {unknown}
 w - 3 scrolls of vulnerability {unknown}
 y - 6 scrolls of identify
 H - 2 scrolls of immolation {unknown}
 Q - a scroll of brand weapon {unknown}
 R - 2 scrolls of summoning {unknown}
 S - 3 scrolls of revelation {unknown}
 W - a scroll of amnesia {unknown}
Potions
 f - 3 potions of curing
 h - 3 potions of resistance
 i - a potion of invisibility {unknown}
 j - 2 potions of degeneration {unknown}
 r - 2 potions of might {unknown}
 x - 2 potions of heal wounds {unknown}
 B - a potion of brilliance {unknown}
 E - 2 potions of berserk rage {unknown}
 K - a potion of attraction {unknown}
 O - 2 potions of ambrosia {unknown}
 P - 2 potions of mutation {unknown}


   Skills:
 + Level 1.0 Fighting
 + Level 3.1 Staves
 + Level 2.5 Armour
 + Level 4.1(4.5) Dodging
 + Level 3.4(3.8) Stealth
 + Level 1.0 Unarmed Combat
 + Level 11.9 Spellcasting
 + Level 3.7 Conjurations
 + Level 15.3(15.7) Air Magic


You had 19 spell levels left.
You knew the following spells:

 Your Spells              Type           Power      Damage    Failure   Level
a - Shock                 Conj/Air       100%       1d9       1%          1
b - Static Discharge      Conj/Air       100%       3-8/arc   1%          2
c - Swiftness             Air            74%        N/A       1%          3
d - Airstrike             Air            37%        2d(6-22)  1%          4
e - Summon Lightning Spi  Summ/Air       51%        N/A       3%          4

Your spell library contained the following spells:

 Spells                   Type           Power      Damage    Failure   Level
 Magic Dart               Conj           100%       1d8       1%          1
 Mephitic Cloud           Conj/Pois/Air  45%        N/A       1%          3
 Call Imp                 Summ           28%        N/A       13%         2
 Ensorcelled Hibernation  Hex/Ice        28%        N/A       13%         2
 Passwall                 Tmut/Erth      11%        N/A       13%         2
 Manifold Assault         Tloc           14%        N/A       61%         4
 Dispersal                Tloc           7%         N/A       100%        6
 Disjunction              Tloc           7%         N/A       100%        8


Dungeon Overview and Level Annotations

Branches:
Dungeon (11/15)            Temple (0/1) D:5            Lair (0/5) D:9
    Orc (0/2) D:11          IceCv (1/1)

Altars:
Ashenzari
Fedhas
Hepliaklqana
Kikubaaqudgha
Okawaru
Ru
Trog
Uskayaw
Xom

Shops:
D:1 [

Annotations:
D:10 2 transporters, Radamante's ghost, journeyman MiFi
D:11 1 runed translucent door, wqsa789's ghost, journeyman DEVM


Innate Abilities, Weirdness & Mutations

You have a beak for a mouth.
You have claws for feet.
Your magical flight helps you evade attacks. (EV +4)
You can magically evade attacks while moving or waiting.


Message History

The wolf simulacrum bites you.
* * * LOW HITPOINT WARNING * * *
The wolf simulacrum freezes you!
* * * LOW HITPOINT WARNING * * *
The wolf simulacrum barely misses you.
You finish putting on the +0 kite shield of the Abyss {rPois rC+++ rCorr Dex-3}.
You feel clumsy.
You feel better. The wolf simulacrum barely misses you.
The wolf simulacrum bites you.
* * * LOW HITPOINT WARNING * * *
The wolf simulacrum freezes you. You resist.
* * * LOW HITPOINT WARNING * * *
The white ugly thing engulfs you but does no damage.
Casting: Airstrike (safe; 1% risk of failure)
Confirm with . or Enter, or press ? or * to list all spells.
The wolf simulacrum is struck by an arc of lightning.
The wolf simulacrum is heavily damaged.
The elephant simulacrum is struck by an arc of lightning.
The elephant simulacrum is lightly damaged.
The wolf simulacrum is struck by an arc of lightning.
The wolf simulacrum is severely damaged.
The white ugly thing is struck by an arc of lightning.
The white ugly thing is lightly wounded.
The lightning grounds out.
The wolf simulacrum is struck by an arc of lightning.
The wolf simulacrum is moderately damaged.
The white ugly thing is struck by an arc of lightning.
The white ugly thing is lightly wounded.
The lightning grounds out.
The white ugly thing is struck by an arc of lightning.
The white ugly thing is moderately wounded.
The elephant simulacrum is struck by an arc of lightning.
The elephant simulacrum is moderately damaged.
The white ugly thing is struck by an arc of lightning!
The white ugly thing is moderately wounded.
The lightning grounds out.
The wolf simulacrum misses you. You block the wolf simulacrum's attack.
The wolf simulacrum closely misses you.
The wolf simulacrum completely misses you.
The white ugly thing engulfs you!
You die...

#......)......#
#....8...8....#
#.............#
#...........#
#...........#
#....ZZ.....#
#...ZuZ...#
#...@...#
##..∩..##
#######


You could see a white ugly thing, 3 wolf simulacra and an elephant simulacrum.

Vanquished Creatures
  Harold (D:10)
  A death yak (D:9)
  The ghost of Boogie the Skirmisher, a novice MiHu of Okawaru (D:7)
  The ghost of wqsa789 the Thaumaturge, a novice DEFE of Vehumet (D:7)
  An orc sorcerer (D:8)
  A cyclops (D:11)
  An elephant (D:9)
  An efreet (D:11)
  Jeremiah (D:6)
  A troll (D:9)
  Sigmund (D:2)
  2 wyverns
  2 wraiths
  13 yaks
  2 basilisks (D:9)
  2 steam dragons
  Edmund (D:4)
  An acid dragon (D:10)
  Duvessa (D:5)
  3 water moccasins
  A sky beast (D:7)
  4 ice beasts
  5 orc warriors
  A black bear (D:6)
  3 ogres
  2 centaurs (D:10)
  A phantom (D:5)
  7 kobold brigands
  Blork the orc (D:4)
  2 gnoll sergeants
  A bullfrog (D:8)
  A scorpion (D:4)
  Dowan (D:5)
  7 wights
  5 killer bees (D:10)
  3 howler monkeys
  4 hounds
  4 orc priests
  Crazy Yiuf (D:5)
  2 jellies
  An iguana (D:7)
  10 orc wizards
  A sleepcap (D:5)
  Ijyb (D:5)
  9 gnolls
  10 adders
  A shadow imp (D:6)
  5 white imps
  4 ufetubi
  2 worms
  4 dart slugs
  24 orcs
  5 endoplasms
  5 giant cockroaches
  15 hobgoblins
  6 jackals
  36 kobolds
  4 quokkas
  6 ball pythons
  2 bats (D:1)
  2 frilled lizards
  8 goblins
  A rat (D:2)
256 creatures vanquished.

Notes
Turn   | Place    | Note
-------+----------+-------------------------------------------
     0 | D:1      | PidgeyThePirate the Tengu Air Elementalist began the quest
                  | for the Orb.
     0 | D:1      | Reached XP level 1. HP: 10/10 MP: 4/4
   110 | D:1      | Found Lygub Rup's Armour Boutique.
   518 | D:1      | Reached XP level 2. HP: 15/15 MP: 0/6
  1223 | D:2      | Reached XP level 3. HP: 19/19 MP: 5/7
  1366 | D:2      | Reached skill level 5 in Air Magic
  1514 | D:2      | Learned a level 2 spell: Static Discharge
  1663 | D:2      | Noticed Sigmund
  1673 | D:2      | Killed Sigmund
  1674 | D:2      | Reached XP level 4. HP: 17/24 MP: 1/10
  1674 | D:2      | Reached XP level 5. HP: 20/28 MP: 1/11
  1771 | D:2      | Learned a level 3 spell: Swiftness
  1828 | D:2      | Learned a level 4 spell: Airstrike
  2073 | D:3      | Reached XP level 6. HP: 32/32 MP: 3/12
  2309 | D:3      | Found an ancient bone altar of Kikubaaqudgha.
  2311 | D:3      | Found a bloodstained altar of Trog.
  3183 | D:4      | Reached skill level 6 in Air Magic
  3294 | D:4      | Noticed Blork the orc
  3425 | D:4      | Killed Blork the orc
  3426 | D:4      | Gained mutation: Your magical flight helps you evade
                  | attacks. (EV +4) [Tengu growth]
  3426 | D:4      | Reached XP level 7. HP: 36/36 MP: 1/14
  3876 | D:4      | Noticed Edmund
  3949 | D:4      | Killed Edmund
  3950 | D:4      | Reached skill level 7 in Air Magic
  4103 | D:4      | Found a broken altar of Ashenzari.
  4198 | D:4      | Reached skill level 1 in Armour
  4198 | D:4      | Reached skill level 5 in Spellcasting
  4424 | D:4      | Became a worshipper of Ashenzari the Shackled
  5175 | D:5      | Entered Level 5 of the Dungeon
  5180 | D:5      | Found a blossoming altar of Fedhas.
  5197 | D:5      | Reached skill level 8 in Air Magic
  5197 | D:5      | Reached XP level 8. HP: 42/42 MP: 7/17
  5206 | D:5      | Found a staircase to the Ecumenical Temple.
  5364 | D:5      | Noticed Dowan
  5461 | D:5      | Killed Dowan
  5462 | D:5      | Reached skill level 1 in Unarmed Combat
  5464 | D:5      | Noticed Duvessa
  5548 | D:5      | Killed Duvessa
  5977 | D:5      | Found a runed translucent door.
  5978 | D:5      | Noticed Crazy Yiuf
  5994 | D:5      | Found a hide-covered altar of Uskayaw.
  6032 | D:5      | Killed Crazy Yiuf
  6410 | D:5      | Reached skill level 9 in Air Magic
  6493 | D:5      | Noticed Ijyb
  6494 | D:5      | Killed Ijyb
  7105 | D:6      | Reached XP level 9. HP: 46/46 MP: 7/20
  7194 | D:6      | Reached skill level 10 in Air Magic
  7197 | D:6      | Noticed Jeremiah
  7219 | D:6      | Killed Jeremiah
  7890 | D:6      | Identified the +8 short sword "Heaziss" {flame, *Rage rElec
                  | rF++ MP+9}
  7952 | D:6      | Found an iron altar of Okawaru.
  8173 | D:6      | Found a hazy altar of Hepliaklqana.
  8246 | D:6      | Found a faded altar of an unknown god.
  8473 | D:6      | Reached skill level 11 in Air Magic
  8963 | D:7      | Found a sacrificial altar of Ru.
  9460 | D:7      | Identified the +0 kite shield of the Abyss {rPois rC+++
                  | rCorr Dex-3}
  9571 | D:7      | Found a runed translucent gate.
  9572 | D:7      | Found a runed translucent gate.
  9572 | D:7      | Found a runed translucent gate.
  9588 | D:7      | Noticed wqsa789's ghost (novice DEFE)
  9588 | D:7      | Noticed Boogie's ghost (novice MiHu)
 10018 | D:7      | Reached XP level 10. HP: 35/51 MP: 6/24
 10443 | D:7      | Killed wqsa789's ghost
 10444 | D:7      | Reached skill level 1 in Staves
 10444 | D:7      | Reached skill level 12 in Air Magic
 10450 | D:7      | Killed Boogie's ghost
 10572 | D:8      | Noticed an orc sorcerer
 10581 | D:8      | Killed an orc sorcerer
 10702 | D:8      | Reached skill level 10 in Spellcasting
 10905 | D:8      | Found the +3 hat of Pondering {ponderous, Will+ MP+10
                  | Int+5}
 11139 | D:8      | Found a shimmering altar of Xom.
 11439 | D:9      | Reached skill level 13 in Air Magic
 11926 | D:9      | Noticed an elephant
 12395 | D:9      | Reached XP level 11. HP: 55/55 MP: 17/26
 12518 | D:9      | Found a staircase to the Lair.
 12528 | D:9      | Noticed a death yak
 12670 | D:9      | Reached skill level 14 in Air Magic
 13080 | D:9      | Learned a level 4 spell: Summon Lightning Spire
 14171 | D:9      | Killed a death yak
 14327 | D:10     | Entered Level 10 of the Dungeon
 15027 | D:10     | Found a transporter.
 15029 | D:10     | Noticed an orc knight
 15029 | D:10     | Noticed Radamante's ghost (journeyman MiFi)
 15042 | D:10     | Found a transporter.
 15049 | D:10     | Reached skill level 15 in Air Magic
 15240 | D:10     | Noticed Harold
 15252 | D:10     | Killed Harold
 15543 | D:11     | Found a runed translucent door.
 15546 | D:11     | Noticed wqsa789's ghost (journeyman DEVM)
 15548 | D:11     | Noticed a cyclops
 15590 | D:11     | Found a staircase to the Orcish Mines.
 15680 | D:11     | Reached skill level 1 in Fighting
 15681 | D:11     | Killed a cyclops
 15705 | D:11     | Found a frozen archway.
 15714 | IceCv    | Entered an ice cave
 15714 | IceCv    | Noticed a white ugly thing
 15722 | IceCv    | Slain by a white ugly thing

Illustrated notes

Levels and vault maps discovered:
D:1:      elethiomel_arrival_infinity_welcomes_careful_drivers, layout_rooms,
          serial_shops, shop_fountains, nrook_loot_triangle,
          hangedman_decor_push, minmay_misc_feat_doors
D:2:      layout_rooms, bh_walls_and_bars, uniq_sigmund
D:3:      layout_loops_ring, mainiacjoe_overflow_catwalk_spiral
D:4:      minmay_inner_zag, layout_basic, cheibrodos_ashenzari_chains,
          uniq_blork_the_orc, uniq_edmund
D:5:      layout_basic, fedhas_altar_2,
          nicolae_uskayaw_murder_on_the_dancefloor,
          minmay_temple_entry_gardened_gates, uniq_ijyb, uniq_duvessa,
          uniq_crazy_yiuf_cottage
D:6:      layout_basic, beargit_hepliaklqana_dungeon_heroes,
          kennysheep_mini_moat, uniq_jeremiah
D:7:      layout_basic, nicolae_ru_sacrificial_ziggurat,
          gammafunk_ghost_cemetery
D:8:      cheibrodos_wizards_tower, layout_gridville,
          mainiacjoe_overflow_chevrons
D:9:      layout_basic, david_lair_generic, grunt_decor_resistance
D:10:     layout_roguey, gammafunk_ghost_arena, uniq_harold
D:11:     nicolae_moon_pools, layout_rooms, david_orc_3,
          hellmonk_ghost_happy_afterlife, portal_ice_cave_entry_pillars_2
IceCv:    ice_cave_statue_garden_transporter

Skill      XL: |  1  2  3  4  5  6  7  8  9 10 11 |
---------------+----------------------------------+-----
Air Magic      | 5 6 8 9 11 13 15 | 15.3
Conjurations   | 3 |  3.7
Spellcasting   | 3 4 5 7 9 10 11 | 11.9
Dodging        | 3 4 |  4.1
Armour         | 1 2 |  2.5
Unarmed Combat | 1 |  1.0
Staves         | 1 3 |  3.1
Stealth        | 3 |  3.4
Fighting       | 1 |  1.0

Action                     |  1- 3 |  4- 6 |  7- 9 | 10-12 || total
---------------------------+-------+-------+-------+-------++-------
  Melee: Unarmed           |    15 |    18 |    19 |       ||    52
         Peck              |     4 |     2 |     7 |    12 ||    25
         Kick              |     5 |     7 |    16 |    16 ||    44
         Spear             |       |       |     9 |       ||     9
         Quarterstaff      |       |       |    17 |    67 ||    84
   Cast: Shock             |    68 |       |       |       ||    68
         Static Discharge  |     3 |     1 |    21 |     5 ||    30
         Airstrike         |       |    29 |   143 |   186 ||   358
         Swiftness         |       |       |     3 |     2 ||     5
 Invoke: Curse Item        |       |       |       |     1 ||     1
    Use: Scroll            |     2 |       |       |     3 ||     5
         Potion            |     1 |       |     4 |     2 ||     7
   Stab: Sleeping          |     1 |       |     1 |       ||     2
 Armour: Robe              |    18 |     3 |       |       ||    21
         Leather armour    |       |     9 |    52 |     2 ||    63
         Ring mail         |       |       |    10 |       ||    10
         Steam dragon scal |       |       |     7 |    88 ||    95
  Dodge: Dodged            |    25 |    16 |   135 |   173 ||   349
  Block: Kite shield       |       |       |       |     1 ||     1

Table legend: (Time is in decaauts)
 A = Elapsed time spent in this place.
 B = Non-inter-level travel time spent in this place.
 C = Inter-level travel time spent in this place.
 D = Time resting spent in this place.
 E = Time spent auto-exploring this place.
 F = Levels seen in this place.
 G = Mean time per level.
                   A        B        C        D        E       F      G
               +--------+--------+--------+--------+--------+-----+--------+
         Total |  15753 |  15276 |    477 |      0 |  13119 |  12 | 1312.8 |
       Dungeon |  15746 |  15269 |    477 |      0 |  13119 |  11 | 1431.5 |
      Ice Cave |      7 |      7 |      0 |      0 |      0 |   1 |    7.0 |
               +--------+--------+--------+--------+--------+-----+--------+

Top non-repeatable levels by time:
     D:9: 2477 daAuts
     D:4: 2062 daAuts
     D:6: 2044 daAuts
     D:7: 1568 daAuts
     D:8: 1515 daAuts
     D:5: 1485 daAuts
     D:3: 1380 daAuts
     D:2: 1117 daAuts
    D:10: 1058 daAuts
     D:1: 944 daAuts
    D:11: 92 daAuts
   IceCv: 7 daAuts
